 Dungeon Crawl Stone Soup version 0.23.2-30-g0e89c35649 (webtiles) character file.

Game seed: 1322450841564576179

360 Hivemind the Basher (level 6, -7/51 HPs)
             Began as a Minotaur Berserker on June 10, 2019.
             Was a Priest of Trog.
             Mangled by Grinder (11 damage)
             ... while paralysed by Grinder
             ... on level 4 of the Dungeon.
             The game lasted 00:12:47 (3535 turns).

Hivemind the Basher (Minotaur Berserker)            Turns: 3535, Time: 00:12:47

Health: -7/51      AC:  4    Str: 22    XL:     6   Next: 38%
Magic:  5/5        EV:  2    Int:  4    God:    Trog [***...]
Gold:   184        SH:  0    Dex: 11    Spells: 5/5 levels left

rFire    . . .     SeeInvis .   a - +0 mace
rCold    . . .     Gourm    .   (no shield)
rNeg     . . .     Faith    .   b - +0 animal skin
rPois    .         Spirit   .   (helmet restricted)
rElec    .         Reflect  .   (no cloak)
rCorr    .         Harm     .   d - +0 pair of gloves
MR       .....                  j - +0 pair of boots
Stlth    +.........             (no amulet)
HPRegen  0.17/turn              (no ring)
MPRegen  0.09/turn              (no ring)

@: paralysed, berserk cooldown, slowed
A: retaliatory headbutt, horns 2
a: Berserk, Trog's Hand, Renounce Religion


You were on level 4 of the Dungeon.
You worshipped Trog.
Trog was most pleased with you.
You were near starving.

You visited 1 branch of the dungeon, and saw 4 of its levels.

You collected 184 gold pieces.

Inventory:

Hand Weapons
 a - a +0 mace (weapon)
 q - a +0 vampiric whip
Armour
 b - a +0 animal skin (worn)
 d - a +0 pair of gloves (worn)
 j - a +0 pair of boots (worn)
Wands
 n - a wand of polymorph (3)
Scrolls
 f - a scroll of identify {unknown}
 g - 2 scrolls of remove curse {unknown}
 h - 2 scrolls of fog {unknown}
 l - a scroll of amnesia {unknown}
 m - 2 scrolls of teleportation {unknown}
Potions
 e - 2 potions of lignification {unknown}
 i - a potion of resistance {unknown}
 k - 2 potions of curing {unknown}
 o - a potion of haste {unknown}
 p - a potion of heal wounds {unknown}
Comestibles
 c - 5 rations


   Skills:
 - Level 3.6 Fighting
 + Level 8.7 Maces & Flails
 - Level 2.4 Armour
 - Level 2.1 Dodging


You had 5 spell levels left.
You didn't know any spells.
Your spell library was empty.

Dungeon Overview and Level Annotations

Branches:
Dungeon (4/15)
 Temple: D:4-7

Altars:
Cheibriados
Qazlal
Sif Muna

Annotations:
D:4 Grinder


Innate Abilities, Weirdness & Mutations

You reflexively headbutt those who attack you in melee.
You have a pair of horns on your head.


Message History

Grinder gestures at you. Pain shoots through your body!
* * * LOW HITPOINT WARNING * * *
Grinder barely misses you.
You hit Grinder. Your headbutt misses Grinder.
Grinder is almost dead.
Grinder gestures at you.
You suddenly lose the ability to move!
Grinder gestures at you. Pain shoots through your body!
* * * LOW HITPOINT WARNING * * *
Grinder hits you but does no damage. Grinder gestures at you.
You shrug off the repeated paralysis!
Grinder hits you.
* * * LOW HITPOINT WARNING * * *
You writhe in agony.
* * * LOW HITPOINT WARNING * * *
Grinder hits you!
You die...

#........# #.#..........
#........# #.#..........
#........###.#..........
#........(.#.#..........
######.(.....##.#.########...
.......)........#.########..#
..........##.##.#............
..........##.#......######...
..........##@#..[...#### #...
..........'5.+......'..# #.>.
..........####..(...##.###.#.
.......<..# #......##.......
....5.....# #......######.#.
.........$# #......# #.#.
.......[.5# #......# #.#
..........# #......# #.#
..........# #...... #..


You could see Grinder.

Vanquished Creatures
  A scorpion (D:3)
  A centaur zombie (D:3)
  A bullfrog zombie (D:4)
  2 orc priests
  An orc wizard (D:3)
  5 adders
  A gnoll (D:1)
  An ooze (D:3)
  2 worms
  4 dart slugs
  2 leopard geckos
  5 orcs
  4 giant cockroaches
  7 hobgoblins
  10 jackals
  4 kobolds
  A quokka (D:3)
  11 bats
  7 frilled lizards
  9 goblins
  9 rats
88 creatures vanquished.

Notes
Turn   | Place    | Note
-------+----------+-------------------------------------------
     0 | D:1      | Hivemind the Minotaur Berserker began the quest for the
                  | Orb.
     0 | D:1      | Reached XP level 1. HP: 19/19 MP: 0/0
   268 | D:1      | Reached skill level 4 in Maces & Flails
   699 | D:1      | Found a snail-covered altar of Cheibriados.
   718 | D:1      | Reached XP level 2. HP: 26/26 MP: 1/1
   977 | D:1      | Reached skill level 5 in Maces & Flails
  1001 | D:1      | Reached XP level 3. HP: 27/31 MP: 2/2
  1558 | D:2      | Reached ** piety under Trog
  1786 | D:2      | Reached skill level 6 in Maces & Flails
  1786 | D:2      | Reached XP level 4. HP: 36/39 MP: 3/3
  2377 | D:3      | Reached XP level 5. HP: 25/45 MP: 4/4
  2420 | D:3      | Reached skill level 7 in Maces & Flails
  2543 | D:3      | Reached *** piety under Trog
  2656 | D:3      | Reached skill level 8 in Maces & Flails
  3081 | D:3      | Reached XP level 6. HP: 40/51 MP: 5/5
  3168 | D:4      | Noticed Grinder
  3322 | D:4      | Noticed a fire elemental
  3325 | D:4      | Found a stormy altar of Qazlal.
  3326 | D:4      | Noticed an air elemental
  3326 | D:4      | Noticed a water elemental
  3398 | D:4      | Found a deep blue altar of Sif Muna.
  3530 | D:4      | Paralysed by Grinder for 7 turns
  3535 | D:4      | Mangled by Grinder

Skill      XL: |  1  2  3  4  5 |
---------------+----------------+-----
Maces & Flails | 4 5 6 8 |  8.7
Fighting       | |  3.6
Armour         | |  2.4
Dodging        | |  2.1

Action                   |  1- 3 |  4- 6 || total
-------------------------+-------+-------++-------
Melee: Mace              |    58 |   123 ||   181
       Headbutt          |     7 |    22 ||    29
       Unarmed           |       |     1 ||     1
Invok: Berserk           |     2 |     3 ||     5
 Stab: Sleeping          |     1 |       ||     1
  Eat: Chunk             |     4 |     7 ||    11
Armor: Animal skin       |    16 |    34 ||    50
Dodge: Dodged            |    47 |    69 ||   116
